 Dungeon Crawl Stone Soup version 0.22-a0-565-gfc6459a (webtiles) character file.

30 theanonym the Magician (level 3, -1/24 HPs)
             Began as a Mummy Air Elementalist on June 29, 2018.
             Slain by Terence
             ... wielding a +1 short sword of flaming
              (3 damage)
             ... on level 2 of the Dungeon.
             The game lasted 00:02:18 (1369 turns).

theanonym the Magician (Mummy Air Elementalist)     Turns: 1369, Time: 00:02:19

Health: -1/24      AC:  2    Str: 11    XL:     3   Next: 3%
Magic:  1/7        EV: 12    Int: 15    God:
Gold:   18         SH:  0    Dex: 12    Spells: 7/8 levels left

rFire    x . .     SeeInvis .   f - +1 dagger (venom)
rCold    + . .     Gourm    .   (no shield)
rNeg     + + +     Faith    .   a - +0 robe
rPois    ∞         Spirit   .   (no helmet)
rElec    .         Reflect  .   (no cloak)
rCorr    .         Harm     .   (no gloves)
MR       .....                  (no boots)
Stlth    ++........             (no amulet)
HPRegen  0.08/turn              (no ring)
MPRegen  0.10/turn              (no ring)

@: no status effects
A: no food or potions, fire vulnerability, cold resistance 1, negative energy
resistance 3, torment resistance, unbreathing
a: no special abilities


Innate Abilities, Weirdness & Mutations

You do not eat or drink.
Your flesh is vulnerable to fire.
You are immune to poison.
Your flesh is cold resistant. (rC+)
You are immune to negative energy. (rN+++)
You are immune to unholy pain and torment.
You can survive without breathing.


   Skills:
 - Level 1.5 Dodging
 - Level 1.5 Stealth
 + Level 3.3 Spellcasting
 + Level 1.5 Conjurations
 + Level 2.8 Air Magic


You had 7 spell levels left.
You knew the following spells:

 Your Spells              Type           Power        Failure   Level  Hunger
a - Shock                 Conj/Air       #...         8%          1    N/A

Your spell library contained the following spells:

 Spells                   Type           Power        Failure   Level  Hunger
 Lightning Bolt           Conj/Air       #.........   91%         5    N/A
 Swiftness                Chrm/Air       #.......     16%         2    N/A
 Airstrike                Air            ##........   52%         4    N/A
 Static Discharge         Conj/Air       #.......     24%         3    N/A

Skill      XL: |  1 |
---------------+----+-----
Conjurations   | 1 |  1.5
Spellcasting   | 3 |  3.3
Dodging        | |  1.5
Stealth        | |  1.5
Air Magic      | |  2.8

Action                   || total
-------------------------++-------
Melee: Club              ||     9
       Dagger            ||     8
 Cast: Shock             ||    50
Armor: Robe              ||    13
Dodge: Dodged            ||    14

Inventory:

Hand Weapons
 d - a +0 club
   (You found it on level 1 of the Dungeon)
 f - a +1 dagger of venom (weapon)
   (You took it off a goblin on level 1 of the Dungeon)
Armour
 a - a +0 robe (worn)
Scrolls
 b - a scroll of random uselessness {unknown}
 c - a scroll of remove curse {unknown}
 e - a scroll of enchant weapon {unknown}


You were on level 2 of the Dungeon.
You were not hungry.

You visited 1 branch of the dungeon, and saw 2 of its levels.

You collected 18 gold pieces.

Dungeon Overview and Level Annotations

Branches:
Dungeon (2/15)

Altars:

Annotations:
D:2 Terence

#########
#.......#
#..###..#
##.#<..#
#...#@.#
#.#..@..#
#.###.#.##
#.# ...(...
...#..#####.#
... #.# #.#
.. #. #.# .
## #


You could see Terence.

Notes
Turn   | Place    | Note
-------+----------+-------------------------------------------
     0 | D:1      | theanonym the Mummy Air Elementalist began the quest for the Orb.
     0 | D:1      | Reached XP level 1. HP: 13/13 MP: 4/4
   236 | D:1      | Reached skill level 1 in Conjurations
   375 | D:1      | Reached skill level 3 in Spellcasting
   377 | D:1      | Reached XP level 2. HP: 17/19 MP: 1/6
  1067 | D:1      | Reached XP level 3. HP: 24/24 MP: 4/7
  1349 | D:2      | Noticed Terence
  1358 | D:2      | HP: 11/24 [Terence/short sword of flaming (4)]
  1359 | D:2      | HP: 4/24 [Terence/short sword of flaming (3)]
  1369 | D:2      | HP: 2/24 [Terence/short sword of flaming (3)]
  1369 | D:2      | Slain by Terence

Vanquished Creatures
  An ooze (D:1)
  7 bats (D:1)
  A giant cockroach (D:1)
  2 hobgoblins (D:1)
  2 jackals (D:1)
  4 frilled lizards (D:1)
  4 goblins (D:1)
  4 kobolds (D:1)
  4 rats (D:1)
29 creatures vanquished.

Table legend:
 A = Turns spent in this place as a percentage of turns spent in the entire game.
 B = Non-inter-level travel turns spent in this place as a percentage of non-inter-level travel turns spent in the entire game.
 C = Inter-level travel turns spent in this place as a percentage of turns spent in this place.
 D = Turns resting spent in this place as a percentage of non-inter-level travel turns spent in this place.
 E = Turns spent auto-exploring this place as a percentage of non-inter-level travel turns spent in this place.
 F = Non-inter-level travel turns spent in this place divided by the number of levels of this place that you've seen.
                   A       B       C       D       E      F
               +-------+-------+-------+-------+-------+----------------------
         Total | 100.0 | 100.0 |   3.5 |  40.9 |  47.4 | 660.5
       Dungeon | 100.0 | 100.0 |   3.5 |  40.9 |  47.4 | 660.5
               +-------+-------+-------+-------+-------+----------------------
